AoeStats
← imissyouyuki

Coastal Forest

510768838Analyzed
2v2 RM · 14h ago on Oct 2, 2026· 42m 16s· 4 players
Game mode
Random Map
Map size
Medium (4 player)
Population
200
Speed
Normal
Resources
Standard
Victory
Conquest
Starting age
Dark Age
Ending age
Imperial Age
RankedLock teamsTeams togetherTeam positionsShared explorationLock speedFull tech treeHidden civsTurbo modeCheats
Victory
Defeat
🇹🇼 Maya · Taiwan
1000
+16
🇹🇼 Teutons · Taiwan
919
+18
🇭🇰 Mongols · Hong Kong SAR China
990
-17
🇭🇰 Persians · Hong Kong SAR China
984
-17
imissyouyuki
3:26 Loom
10:20 Feudal Age
10:59 Double-Bit Axe
13:32 Fletching
15:16 Wheelbarrow
15:31 Gold Mining
17:29 Padded Archer Armor
21:28 Castle Age
20:38 Stone Mining
22:08 Bodkin Arrow
22:29 Leather Archer Armor
22:13 Crossbowman
28:08 Bow Saw
27:42 Horse Collar
31:16 Ballistics
31:55 Stone Shaft Mining
33:10 Hand Cart
38:32 Forging
38:22 Scale Mail Armor
41:25 Imperial Age
39:33 Squires
39:18 Arson
38:54 Eagle Warrior
39:56 Thumb Ring
41:24 Heavy Plow
42:08 Iron Casting
41:48 Chain Mail Armor
41:33 Arbalester
42:51 Bracer
43:22 Ring Archer Armor
john5458boy1314
1:50 Loom
2:31 Loom
12:55 Feudal Age
13:38 Horse Collar
14:33 Stone Mining
19:16 Fletching
19:25 Town Watch
21:52 Wheelbarrow
21:09 Gold Mining
24:02 Bloodlines
27:51 Double-Bit Axe
31:09 Castle Age
37:03 Imperial Age
34:58 Ballistics
34:29 Heated Shot
35:55 Stone Shaft Mining
35:34 Bow Saw
35:39 Heavy Plow
43:13 Conscription
fung4513
10:59 Feudal Age
13:21 Loom
16:23 Castle Age
kinghooooooooo
5:26 Loom
10:54 Feudal Age
15:38 Castle Age
14:40 Double-Bit Axe
16:26 Fletching
16:29 Gold Mining
21:50 Elite Skirmisher
24:46 Bodkin Arrow
26:20 Padded Archer Armor
28:07 Wheelbarrow
33:04 Horse Collar
35:51 Leather Archer Armor
37:43 Heavy Plow
40:04 Gold Shaft Mining
40:34 Hand Cart
41:12 Ballistics
41:04 Thumb Ring
Connection lost

Rejoining the realm…

Still unreachable

The connection could not be restored.

Session expired

The server has moved on; the page needs a fresh start.